 Dungeon Crawl Stone Soup version 0.28-b1-25-g9875b3fc8c (webtiles) character file.

Game seed: 7575442382380637285

191 growler the Gusty (level 5, -3/28 HPs)
             Began as a Tengu Air Elementalist on Feb 3, 2022.
             Was an Initiate of Vehumet.
             Slain by an orc (5 damage)
             ... on level 3 of the Dungeon.
             The game lasted 00:09:01 (3350 turns).

growler the Gusty (Tengu Air Elementalist)          Turns: 3350, Time: 00:09:03

Health: -3/28      AC:  2    Str:  9    XL:     5   Next: 70%
Magic:  11/11      EV: 14    Int: 17    God:    Vehumet [......]
Gold:   95         SH:  0    Dex: 14    Spells: 0/10 levels left

rFire   . . .      SeeInvis .   (no weapon)
rCold   . . .      Faith    .   (no shield)
rNeg    . . .      Spirit   .   a - +0 robe
rPois   .          Reflect  .   (helmet restricted)
rElec   .          Harm     .   (no cloak)
rCorr   .          Rampage  .   (no gloves)
Will    .....                   (boots unavailable)
Stlth   +.........              (no amulet)
HPRegen 0.09/turn               (no ring)
MPRegen 0.12/turn               (no ring)

@: confused, flying quickly and evasively, quick
A: beak, talons 3, nimble flight
a: Renounce Religion


You were on level 3 of the Dungeon.
You worshipped Vehumet.
Vehumet was noncommittal.
You visited 1 branch of the dungeon, and saw 3 of its levels.

You collected 95 gold pieces.

Inventory:

Armour
 a - a +0 robe (worn)
Wands
 t - a wand of flame (22)
   (You took it off a hobgoblin on level 3 of the Dungeon)
Scrolls
 f - a scroll of blinking {unknown}
 i - a scroll of identify {unknown}
Potions
 b - 2 potions of mutation {unknown}
 c - a potion of attraction {unknown}
 d - 2 potions of haste {unknown}
 e - a potion of might {unknown}
 g - a potion of ambrosia
 h - a potion of degeneration {unknown}


   Skills:
 - Level 2.1 Dodging
 - Level 2.0 Stealth
 + Level 3.3 Spellcasting
 + Level 4.1 Conjurations
 + Level 5.8 Air Magic


You couldn't memorise any spells.
You knew the following spells:

 Your Spells              Type           Power      Damage    Failure   Level
a - Shock                 Conj/Air       76%        1d7       2%          1
b - Airstrike             Air            11%        N/A       16%         4
d - Static Discharge      Conj/Air       19%        N/A       3%          2
s - Swiftness             Air            22%        N/A       4%          3

Your spell library contained the following spells:

 Spells                   Type           Power      Damage    Failure   Level
 Beastly Appendage        Tmut           4%         N/A       17%         1
 Dazzling Flash           Conj/Hex       18%        N/A       22%         3
 Wereblood                Tmut           2%         N/A       26%         2
 Spider Form              Tmut/Pois      2%         N/A       45%         3
 Iskenderun's Mystic Bla  Conj/Tloc      9%         2d4       56%         4
 Starburst                Conj/Fire      4%         6d4       100%        6


Dungeon Overview and Level Annotations

Branches:
Dungeon (3/15)

Altars:
Vehumet

Annotations:
D:3 3 runed translucent doors, WaxSun's ghost, amateur OgFE


Innate Abilities, Weirdness & Mutations

You have a beak for a mouth.
You have claws for feet.
Your magical nature lets you fly swiftly and evasively.


Message History

You are struck by an arc of lightning.
* * * LOW HITPOINT WARNING * * *
The lightning grounds out.
You hear some strange, mumbled words.
You are confused.
The orc misses you.
It was a potion of ambrosia.
You are more confused.
You feel invigorated. Something hits you.
* * * LOW HITPOINT WARNING * * *
The orc hits you but does no damage.
Okay, then.
Something hits you.
* * * LOW HITPOINT WARNING * * *
The orc misses you. Something hits you.
* * * LOW HITPOINT WARNING * * *
The orc closely misses you.
You hear some strange, mumbled words.
A puff of flame appears from out of thin air!
The puff of flame misses you. The orc misses you. Something hits you.
* * * LOW HITPOINT WARNING * * *
The orc hits you with a +0 mace!
* * * LOW HITPOINT WARNING * * *
You hear some strange, mumbled words.
Something tries to affect you, but you resist.
The orc closely misses you.
You feel less invigorated. Something hits you.
* * * LOW HITPOINT WARNING * * *
The orc hits you with a +0 mace.
* * * LOW HITPOINT WARNING * * *
Something hits you.
* * * LOW HITPOINT WARNING * * *
You hit the orc but do no damage. You claw the orc, but do no damage.
Your peck misses the orc. Something hits you.
* * * LOW HITPOINT WARNING * * *
The orc barely misses you.
You're too confused to move!
Something hits you.
* * * LOW HITPOINT WARNING * * *
The orc misses you.
You miss something. Something hits you.
* * * LOW HITPOINT WARNING * * *
The orc hits you with a +0 mace.
You die...

########### #.@o......#
### #..{......# ..#
#.........# #.#
###......?..#
#.###########...........#
..............#....)....#
..#####...#####.........#
..# #.....# #..<......#
..# ##...## #.........#


You could see an orc.

Vanquished Creatures
  An ogre (D:3)
  Jessica (D:2)
  2 adders (D:2)
  A dart slug (D:1)
  An orc (D:3)
  6 endoplasms
  3 giant cockroaches
  5 goblins (D:2)
  5 hobgoblins
  8 jackals
  7 kobolds
  A quokka (D:2)
  3 ball pythons
  3 bats (D:1)
  A frilled lizard (D:2)
  4 rats
52 creatures vanquished.

Notes
Turn   | Place    | Note
-------+----------+-------------------------------------------
     0 | D:1      | growler the Tengu Air Elementalist began the quest for the
                  | Orb.
     0 | D:1      | Reached XP level 1. HP: 10/10 MP: 4/4
   798 | D:1      | Reached XP level 2. HP: 15/15 MP: 3/6
   801 | D:1      | Learned a level 2 spell: Static Discharge
  1566 | D:1      | Reached XP level 3. HP: 19/19 MP: 2/7
  1718 | D:1      | Learned a level 3 spell: Swiftness
  2436 | D:2      | Noticed Jessica
  2447 | D:2      | Killed Jessica
  2448 | D:2      | Reached skill level 5 in Air Magic
  2448 | D:2      | Reached XP level 4. HP: 24/24 MP: 4/9
  3082 | D:3      | Noticed an ogre
  3088 | D:3      | Killed an ogre
  3089 | D:3      | Gained mutation: Your magical nature lets you fly swiftly
                  | and evasively. [Tengu growth]
  3089 | D:3      | Reached XP level 5. HP: 28/28 MP: 3/11
  3167 | D:3      | Found a runed translucent gate.
  3168 | D:3      | Found a runed translucent gate.
  3170 | D:3      | Found a runed translucent gate.
  3176 | D:3      | Noticed WaxSun's ghost (amateur OgFE)
  3182 | D:3      | Found a radiant altar of Vehumet.
  3192 | D:3      | Learned a level 4 spell: Airstrike
  3248 | D:3      | Became a worshipper of Vehumet
  3339 | D:3      | HP: 1/28 [/static electricity (3)]
  3350 | D:3      | Slain by an orc

Illustrated notes

Levels and vault maps discovered:
D:1:      kilobyte_arrival_exit_the_forest, layout_basic
D:2:      layout_rooms, uniq_jessica
D:3:      minmay_goblin_kobold_castle, layout_loops_corners,
          vehumet_altar_wand_db, gammafunk_ghost_split

Skill      XL: |  1  2  3  4 |
---------------+-------------+-----
Conjurations   | 2 3 4 |  4.1
Air Magic      | 5 |  5.8
Spellcasting   | 3 |  3.3
Dodging        | |  2.1
Stealth        | |  2.0

Action                   |  1- 3 |  4- 6 || total
-------------------------+-------+-------++-------
Melee: Unarmed           |    30 |    12 ||    42
       Kick              |    10 |     2 ||    12
       Peck              |     5 |     1 ||     6
 Cast: Shock             |    62 |    18 ||    80
       Static Discharge  |     8 |     9 ||    17
  Use: Potion            |       |     1 ||     1
 Stab: Sleeping          |     1 |       ||     1
Armor: Robe              |     2 |     3 ||     5
Dodge: Dodged            |    34 |    18 ||    52
